 Dungeon Crawl Stone Soup version 0.29-a0-303-ge4682ce883 (webtiles) character file.

Game seed: 1949314433872258278

95 kae the Firebug (level 4, -1/25 HPs)
             Began as a Tengu Fire Elementalist on Mar 25, 2022.
             Slain by an orc
             ... wielding a +0 flail
              (8 damage)
             ... on level 2 of the Dungeon.
             The game lasted 00:01:34 (3700 turns).

kae the Firebug (Tengu Fire Elementalist)           Turns: 3700, Time: 00:01:35

Health: -1/25      AC:  2    Str:  8    XL:     4   Next: 65%
Magic:  6/8        EV: 13    Int: 18    God:
Gold:   119        SH:  0    Dex: 20    Spells: 1/7 levels left

rFire   . . .      SeeInvis .   d - +0 whip
rCold   . . .      Faith    .   (no shield)
rNeg    . . .      Spirit   .   a - +0 robe
rPois   .          Reflect  .   (helmet restricted)
rElec   .          Harm     .   (no cloak)
rCorr   .          Rampage  .   (no gloves)
Will    .....                   (boots unavailable)
Stlth   ++........              (no amulet)
HPRegen 0.08/turn               e - +6 ring of dexterity
MPRegen 0.11/turn               (no ring)

@: no status effects
A: beak, talons 3
a: no special abilities


You were on level 2 of the Dungeon.
You visited 1 branch of the dungeon, and saw 3 of its levels.

You collected 119 gold pieces.

Inventory:

Hand Weapons
 d - a +0 whip (weapon)
Armour
 a - a +0 robe (worn)
Jewellery
 e - a +6 ring of dexterity (left hand)
Scrolls
 f - a scroll of fear {unknown}
Potions
 b - a potion of magic
 c - a potion of haste
 h - a potion of mutation
 i - 2 potions of attraction
 k - a potion of might
 n - a potion of curing


   Skills:
 + Level 1.3 Fighting
 + Level 1.3 Armour
 + Level 2.9 Dodging
 - Level 2.0 Stealth
 + Level 2.3 Spellcasting
 + Level 2.2 Conjurations
 * Level 4.2 Fire Magic


You had one spell level left.
You knew the following spells:

 Your Spells              Type           Power      Damage    Failure   Level
a - Foxfire               Conj/Fire      52%        2x1d6     4%          1
b - Scorch                Fire           34%        2d6       4%          2
c - Conjure Flame         Conj/Fire      13%        6-21      14%         3

Your spell library contained the following spells:

 Spells                   Type           Power      Damage    Failure   Level
 Inner Flame              Hex/Fire       9%         N/A       22%         3
 Flame Wave               Conj/Fire      13%        2d6       43%         4


Dungeon Overview and Level Annotations

Branches:
Dungeon (3/15)

Altars:
Hepliaklqana
Trog
The Shining One

Annotations:
D:3 1 runed translucent door, starts1789's ghost, weakling DsGl


Innate Abilities, Weirdness & Mutations

You have a beak for a mouth.
You have claws for feet.


Message History

Casting: Foxfire (safe; 4% risk of failure)
Confirm with . or Enter, or press ? or * to list all spells.
You conjure some foxfire!
The adder bites you.
The foxfire hits the adder.
The adder is heavily wounded.
The adder closely misses you. x2
Casting: Foxfire (safe; 4% risk of failure)
Confirm with . or Enter, or press ? or * to list all spells.
You conjure some foxfire!
The adder bites you.
The foxfire hits the adder but does no damage.
The adder is heavily wounded.
The adder bites you.
* * * LOW HITPOINT WARNING * * *
Casting: Foxfire (safe; 4% risk of failure)
Confirm with . or Enter, or press ? or * to list all spells.
Flames lash the adder.
You kill the adder!
Casting: Scorch (safe; 4% risk of failure)
Confirm with . or Enter, or press ? or * to list all spells.
You can't see any susceptible monsters within range! (Use Z to cast anyway.)
You start resting.
Magic restored.
HP restored.
You climb downwards.
Level annotation: 1 runed translucent door, starts1789's ghost, weakling DsGl The orc hits you with a +0 flail!
The orc closely misses you. The orc hits you with a +0 flail. x2
There is a stone staircase leading up, spattered with blood here.
The orc closely misses you. The orc barely misses you.
You climb upwards.
There is a stone staircase leading down, spattered with blood here.
You hit the orc. You peck the orc.
The orc is almost dead.
The orc hits you with a +0 flail.
* * * LOW HITPOINT WARNING * * *
The orc misses you.
Casting: Scorch (safe; 4% risk of failure)
Confirm with . or Enter, or press ? or * to list all spells.
Flames lash the orc but do no damage.
The orc hits you with a +0 flail!
You die...

# #.##.####.# #....# #.†... #
#.##......# ###'######.####
#######.###.##### #.........#
.............#######.........#
######.......#...............# ##
..........#..#.####..........# #.
###.......#..#.# #..........# #.
#######...#..#.####.#......#.# #.
..............oo@##.####.....# #.
...####......#.#o##.# #.#.### #.
#..# #...####.#.##.# #.#<#.# #.
#..# #...# #.#.##.####.#...# #.
#..####...####.#......##.#.#.###.
...........[...#.#.......#.#...#.
##.######.######.#.#######.###.#.
#...............##.# #.# #.#.
#..######..####.##.# #.# #.#.


You could see 3 orcs.

Vanquished Creatures
  An iguana (D:3)
  An adder (D:2)
  A worm (D:3)
  2 dart slugs
  An orc (D:3)
  3 endoplasms
  3 giant cockroaches
  3 goblins
  7 hobgoblins
  4 jackals (D:1)
  6 ball pythons
  2 bats
  4 frilled lizards
  5 kobolds
  10 rats
53 creatures vanquished.

Vanquished Creatures (others)
  2 demonic plants (D:2)
  170 foxfires
172 creatures vanquished.

Grand Total: 225 creatures vanquished

Notes
Turn   | Place    | Note
-------+----------+-------------------------------------------
     0 | D:1      | kae the Tengu Fire Elementalist began the quest for the
                  | Orb.
     0 | D:1      | Reached XP level 1. HP: 10/10 MP: 4/4
   393 | D:1      | Reached XP level 2. HP: 16/16 MP: 1/6
   926 | D:1      | Reached XP level 3. HP: 10/20 MP: 3/7
  1569 | D:2      | Reached skill level 1 in Fighting
  2379 | D:2      | Found a bloodstained altar of Trog.
  2513 | D:2      | Found a faded altar of an unknown god.
  2513 | D:2      | Noticed a sixfirhy
  2744 | D:3      | Found a glowing golden altar of the Shining One.
  2812 | D:3      | Reached skill level 1 in Armour
  2815 | D:3      | Learned a level 2 spell: Scorch
  2819 | D:3      | Learned a level 3 spell: Conjure Flame
  2909 | D:3      | Reached skill level 4 in Fire Magic
  3020 | D:3      | Reached XP level 4. HP: 25/25 MP: 3/8
  3283 | D:3      | Noticed starts1789's ghost (weakling DsGl)
  3320 | D:3      | Found a hazy altar of Hepliaklqana.
  3347 | D:3      | Found a runed translucent door.
  3700 | D:2      | Slain by an orc

Illustrated notes

Levels and vault maps discovered:
D:1:      minmay_arrival_four_houses, layout_basic,
          chequers_serial_rivers_small_3, minmay_misc_feat_rugged
D:2:      layout_basic, dreamdust_ecumenical_altar_sealed_demon, basic_altar
D:3:      layout_basic, lemuel_crystal_altar, mainiacjoe_overflow_chevrons,
          hellmonk_ghost_happy_afterlife, minmay_misc_feat_plants

Skill      XL: |  1  2  3 |
---------------+----------+-----
Fighting       | 1 |  1.3
Armour         | 1 |  1.3
Fire Magic     | 4 |  4.2
Conjurations   | 2 |  2.2
Dodging        | |  2.9
Stealth        | |  2.0
Spellcasting   | |  2.3

Action                   |  1- 3 |  4- 6 || total
-------------------------+-------+-------++-------
Melee: Unarmed           |    34 |       ||    34
       Kick              |    12 |       ||    12
       Peck              |     7 |     1 ||     8
       Whip              |       |     1 ||     1
 Cast: Foxfire           |    95 |    14 ||   109
       Scorch            |     2 |     5 ||     7
  Use: Potion            |     1 |       ||     1
       Scroll            |    10 |       ||    10
Armor: Robe              |    10 |       ||    10
Dodge: Dodged            |    32 |    10 ||    42

Table legend: (Time is in decaauts)
 A = Elapsed time spent in this place.
 B = Non-inter-level travel time spent in this place.
 C = Inter-level travel time spent in this place.
 D = Time resting spent in this place.
 E = Time spent auto-exploring this place.
 F = Levels seen in this place.
 G = Mean time per level.
                   A        B        C        D        E       F      G
               +--------+--------+--------+--------+--------+-----+--------+
         Total |   3687 |   3616 |     71 |    542 |   2657 |   3 | 1229.0 |
       Dungeon |   3687 |   3616 |     71 |    542 |   2657 |   3 | 1229.0 |
               +--------+--------+--------+--------+--------+-----+--------+

Top non-repeatable levels by time:
     D:2: 1519 daAuts
     D:1: 1421 daAuts
     D:3: 746 daAuts
